 Dungeon Crawl Stone Soup version 0.16.2-12-gd0ad4c3 (webtiles) character file.

9730 Kira the Covert (level 11, -4/56 HPs)
             Began as a Spriggan Enchanter on Oct 23, 2015.
             Was an Elder of Nemelex Xobeh.
             Hit by a large rock thrown by a cyclops (24 damage)
             ... on level 11 of the Dungeon.
             The game lasted 01:14:18 (12231 turns).

Kira the Covert (Spriggan Enchanter)               Turns: 12231, Time: 01:14:18

Health: -4/56      AC:  6    Str:  8    XL:     11   Next: 26%
Magic:  22/32      EV: 22    Int: 20    God:    Nemelex Xobeh [****..]
Gold:   731        SH:  0    Dex: 17    Spells: 4 memorised, 18 levels left

rFire  . . .     SeeInvis +     K - +2 dagger (drain)
rCold  . . .     Clarity  .     b - +1 robe
rNeg   . . .     SustAb   .     (shield restricted)
rPois  .         Gourm    .     (helmet restricted)
rElec  .         Spirit   .     q - +2 cloak
rCorr  .         Warding  .     (gloves unavailable)
rMut   .         Stasis   .     (boots unavailable)
MR     ++...                    (no amulet)
Stlth  ++++++....               s - +4 ring of strength
                                r - ring of protection from magic

@: very slightly contaminated, invisible, very quick, very resistant to hostile
enchantments, very stealthy
A: unfitting armour, see invisible, herbivore 3, speed 3, slow metabolism 2
a: Triple Draw, Deal Four, Renounce Religion


You were on level 11 of the Dungeon.
You worshipped Nemelex Xobeh.
Nemelex Xobeh was greatly pleased with you.
You were full.

You visited 3 branches of the dungeon, and saw 13 of its levels.
You also visited: Ossuary.

You collected 731 gold pieces.

Inventory:

Hand weapons
 K - a +2 dagger of draining (weapon)
Armour
 b - a +1 robe (worn)
 q - a +2 cloak (worn)
 x - a +0 cloak of poison resistance
Jewellery
 r - a ring of protection from magic (left hand)
 s - a +4 ring of strength (right hand)
Magical devices
 a - a wand of magic darts (28)
 c - a wand of hasting (4)
 h - a wand of draining (6)
 z - a wand of lightning (6)
 E - a wand of digging (6)
 Y - a wand of frost (23)
Scrolls
 e - 11 scrolls of identify {unknown}
 k - 3 scrolls of enchant weapon {unknown}
 l - a scroll of remove curse
 n - 7 scrolls of amnesia {unknown}
 o - 6 scrolls of teleportation
 p - a scroll of random uselessness {unknown}
 v - 4 scrolls of enchant armour {unknown}
 w - 4 scrolls of fog {unknown}
 A - 2 scrolls of holy word {unknown}
 J - 3 scrolls of recharging {unknown}
 S - 2 scrolls of noise {unknown}
 T - 2 scrolls of fear {unknown}
Potions
 d - 6 potions of poison {unknown}
 g - 5 potions of heal wounds {unknown}
 i - 2 potions of invisibility {unknown}
 t - 10 potions of curing {unknown}
 u - 4 potions of brilliance {unknown}
 F - 3 potions of mutation {unknown}
Miscellaneous
 f - a lamp of fire
 j - a plain deck of destruction
 m - a plain deck of war
 y - a plain deck of war {drawn: 4}
 I - a phial of floods
 O - an ornate deck of war
 Q - a plain deck of destruction
 U - an ornate deck of destruction
 V - a plain deck of escape
 W - a plain deck of war
Comestibles
 G - 3 bread rations


   Skills:
 * Level 5.9 Fighting
 + Level 4.1 Short Blades
 + Level 7.0 Dodging
 + Level 13.4 Stealth
 + Level 10.1 Spellcasting
 + Level 9.2 Hexes
 * Level 8.9 Evocations


You had 18 spell levels left.
You knew the following spells:

 Your Spells              Type           Power        Failure   Level  Hunger
a - Corona                Hex            #####..      1%          1    None
b - Ensorcelled Hibernat  Hex/Ice        ####..       1%          2    None
c - Confuse               Hex            #####...     1%          3    None
d - Invisibility          Hex            #####...     28%         6    ######.


Dungeon Overview and Level Annotations

Branches:
Dungeon (11/15)            Temple (1/1) D:5            Lair (1/8) D:8
    Orc: D:9-12

Altars:
Ashenzari
Cheibriados
Dithmenos
Elyvilon
Fedhas
Gozag
Kikubaaqudgha
Makhleb
Nemelex Xobeh
Okawaru
Qazlal
Ru
Sif Muna
Trog
Vehumet
Xom
Yredelemnul
Zin
The Shining One

Shops:
D:9 }   D:10 *


Innate Abilities, Weirdness & Mutations

You are tiny and cannot use many weapons and most armour.
You have supernaturally acute eyesight.
You are a herbivore.
You cover ground extremely quickly.
You need consume almost no food.


Message History

Aiming: Ensorcelled Hibernation
Press: ? - help, Shift-Dir - straight line, f - cyclops
Aim: a cyclops (chance 39%)
The cyclops easily resists.
Unknown command.
Casting: Ensorcelled Hibernation
Confirm with . or Enter, or press ? or * to list all spells.
Aiming: Ensorcelled Hibernation
Press: ? - help, Shift-Dir - straight line, f/p - cyclops
Aim: a cyclops (chance 39%)
The cyclops easily resists.
Casting: Ensorcelled Hibernation
Confirm with . or Enter, or press ? or * to list all spells.
Aiming: Ensorcelled Hibernation
Press: ? - help, Shift-Dir - straight line, f/p - cyclops
Aim: a cyclops (chance 39%)
The cyclops easily resists.
The cyclops throws a large rock.
The large rock hits you!!
You die...
Your body glows slightly and disappears.

###+### #.....# #######
#.##..# #.....# #.##..#
#.....# +.##..# #.....#
#.##..# #.....# #.##..#
#####.....####.../.###########
............(@..(.............
.........C..(!..$.............
.....).##†..........#.......(
[...... #..##................
....... #..##................
............................
###########################


You could see a cyclops.

Vanquished Creatures
  3 hill giants (D:10)
  A cyclops (D:11)
  A deep elf mage (D:9)
  3 blink frogs (Lair:1)
  7 yaks
  2 hungry ghosts (D:9)
  Eustachio (D:4)
  A deep elf fighter (D:8)
  Edmund (D:4)
  Menkaure (Ossuary)
  5 ogres
  A wasp (D:10)
  A sky beast (D:9)
  4 ice beasts
  2 orc warriors
  2 water moccasins
  2 eyes of draining
  3 centaurs
  A phantom (D:10)
  2 crocodiles
  Duvessa (D:4)
  A gnoll sergeant (D:9)
  6 giant frogs
  2 scorpions
  15 killer bees
  4 wights (D:8)
  A wasp zombie (D:7)
  A quasit (D:10)
  4 crimson imps
  A goliath beetle (D:7)
  Dowan (D:4)
  3 centaur zombies
  5 orc priests
  A gnoll shaman (D:5)
  Crazy Yiuf (D:3)
  An iguana (D:7)
  2 giant frog skeletons
  2 jellies
  8 worker ants
  4 hounds
  An orc wizard (D:11)
  A killer bee zombie (D:5)
  3 ogre zombies (Ossuary)
  Jessica (D:5)
  Terence (D:3)
  3 hound skeletons
  6 mummies (Ossuary)
  2 worker ant zombies
  17 gnolls
  4 river rats (D:8)
  2 shadow imps
  9 adders
  A giant mite (D:6)
  3 worms
  9 adder zombies
  7 giant geckos
  2 oozes
  24 orcs
  A bat skeleton (D:4)
  6 giant cockroaches
  15 goblins
  12 hobgoblins
  6 jackals
  6 quokkas
  A ball python (D:2)
  18 bats
  A giant gecko zombie (D:7)
  3 giant newts
  A giant spore (D:7)
  4 goblin zombies (Ossuary)
  2 hobgoblin zombies (Ossuary)
  21 kobolds
  4 kobold zombies (Ossuary)
  A quokka skeleton (D:7)
  3 quokka zombies (Ossuary)
  32 rats
  5 rat zombies (Ossuary)
  5 ballistomycetes (D:7)
351 creatures vanquished.

Vanquished Creatures (collateral kills)
  A mottled dragon (D:6)
  An orc warrior (D:7)
  An ogre (D:7)
  2 killer bees (D:6)
  A hound (D:7)
  A giant frog skeleton (D:6)
  3 orcs (D:7)
10 creatures vanquished.

Vanquished Creatures (others)
  A killer bee (D:6)
  A ballistomycete (D:7)
2 creatures vanquished.

Grand Total: 363 creatures vanquished

Notes
Turn   | Place    | Note
--------------------------------------------------------------
     0 | D:1      | Kira, the Spriggan Enchanter, began the quest for the Orb.
     0 | D:1      | Reached XP level 1. HP: 9/9 MP: 4/4
   216 | D:1      | Reached XP level 2. HP: 9/14 MP: 3/7
   412 | D:1      | Learned a level 2 spell: Ensorcelled Hibernation
   702 | D:2      | Reached skill level 1 in Fighting
   916 | D:2      | Reached XP level 3. HP: 7/18 MP: 1/9
  1131 | D:2      | Found a sparkling altar of Nemelex Xobeh.
  1174 | D:2      | Found a basalt altar of Yredelemnul.
  1486 | D:3      | Noticed Terence
  1622 | D:3      | Killed Terence
  1622 | D:3      | Reached XP level 4. HP: 22/22 MP: 10/13
  1676 | D:2      | Reached skill level 5 in Stealth
  1679 | D:2      | Became a worshipper of Nemelex Xobeh the Trickster
  1763 | D:3      | Noticed Crazy Yiuf
  1773 | D:3      | Killed Crazy Yiuf
  1860 | D:3      | Received a gift from Nemelex Xobeh
  2039 | D:3      | Noticed a scorpion
  2047 | D:3      | Killed a scorpion
  2047 | D:3      | Reached XP level 5. HP: 14/26 MP: 16/18
  2200 | D:4      | Found a sand-covered staircase.
  2206 | Ossuary  | Entered an ossuary
  2234 | Ossuary  | Learned a level 3 spell: Confuse
  2279 | Ossuary  | Reached skill level 6 in Stealth
  2477 | Ossuary  | Reached XP level 6. HP: 30/30 MP: 10/20
  2538 | Ossuary  | Reached skill level 5 in Hexes
  2766 | Ossuary  | Noticed Menkaure
  2900 | Ossuary  | Killed Menkaure
  3108 | Ossuary  | Reached XP level 7. HP: 35/35 MP: 17/22
  3126 | Ossuary  | Reached skill level 5 in Spellcasting
  3265 | D:4      | Noticed Dowan
  3422 | D:4      | Noticed Duvessa
  3509 | D:3      | Reached skill level 7 in Stealth
  3633 | D:4      | Noticed Eustachio
  3648 | D:4      | Killed Eustachio
  3670 | D:4      | Killed Dowan
  3853 | D:4      | Killed Duvessa
  3867 | D:4      | Noticed Edmund
  3932 | D:4      | Killed Edmund
  4005 | D:4      | Reached XP level 8. HP: 40/40 MP: 10/25
  4100 | D:4      | Reached skill level 8 in Stealth
  4314 | D:5      | Entered Level 5 of the Dungeon
  4507 | D:5      | Received a gift from Nemelex Xobeh
  4713 | D:5      | Found a shadowy altar of Dithmenos.
  5038 | D:5      | Reached skill level 5 in Dodging
  5038 | D:5      | Reached skill level 1 in Evocations
  5140 | D:5      | Found a staircase to the Ecumenical Temple.
  5166 | Temple   | Entered the Ecumenical Temple
  5490 | D:5      | Received a gift from Nemelex Xobeh
  5574 | D:5      | Noticed Jessica
  5585 | D:5      | Found a deep blue altar of Sif Muna.
  5603 | D:5      | Killed Jessica
  5722 | D:6      | Reached skill level 9 in Stealth
  6255 | D:6      | Received a gift from Nemelex Xobeh
  6326 | D:6      | Reached skill level 10 in Stealth
  6326 | D:6      | Reached XP level 9. HP: 45/45 MP: 21/28
  7287 | D:7      | Reached skill level 5 in Evocations
  7530 | D:7      | Acquired Nemelex Xobeh's first power
  7777 | D:8      | Received a gift from Nemelex Xobeh
  7804 | D:8      | Reached skill level 11 in Stealth
  8038 | D:8      | You fall through a shaft for 2 floors!
  8038 | D:10     | Entered Level 10 of the Dungeon
  8076 | D:10     | Noticed a hill giant
  8117 | D:10     | Killed a hill giant
  8117 | D:10     | Reached skill level 5 in Fighting
  8117 | D:10     | Reached XP level 10. HP: 47/51 MP: 5/29
  8250 | D:10     | Received a gift from Nemelex Xobeh
  8465 | D:10     | Noticed a hill giant
  8484 | D:10     | Killed a hill giant
  8515 | D:10     | Reached skill level 12 in Stealth
  8981 | D:10     | Received a gift from Nemelex Xobeh
  9040 | D:10     | Learned a level 6 spell: Invisibility
  9090 | D:10     | Acquired Nemelex Xobeh's second power
  9192 | D:10     | Noticed a hill giant
  9406 | D:10     | Found Yghoime's General Store.
  9437 | D:10     | Killed a hill giant
 10254 | D:9      | Received a gift from Nemelex Xobeh
 10279 | D:9      | Found Ypinant's Gadget Shoppe.
 10441 | D:9      | Reached skill level 13 in Stealth
 10644 | D:9      | Found an ancient bone altar of Kikubaaqudgha.
 10645 | D:9      | Found a glowing golden altar of the Shining One.
 10786 | D:9      | Reached XP level 11. HP: 56/56 MP: 8/32
 11109 | D:8      | Found a staircase to the Lair.
 11424 | Lair:1   | Entered Level 1 of the Lair of Beasts
 11436 | Lair:1   | Reached skill level 10 in Spellcasting
 11655 | D:11     | Received a gift from Nemelex Xobeh
 12231 | D:11     | Hit by a large rock thrown by a cyclops

Action                   |  1- 3 |  4- 6 |  7- 9 | 10-12 || total
-------------------------+-------+-------+-------+-------++-------
Melee: Dagger            |   102 |   185 |   372 |   210 ||   869
 Cast: Corona            |    12 |     2 |     4 |       ||    18
       Ensorcelled Hiber |    10 |    13 |   174 |    83 ||   280
       Confuse           |       |    19 |    24 |    35 ||    78
       Invisibility      |       |       |       |     1 ||     1
Evoke: Deck              |       |       |     7 |     4 ||    11
  Use: Scroll            |       |       |     2 |       ||     2
 Stab: Sleeping          |    17 |    25 |   124 |    63 ||   229
       Distracted        |       |     1 |       |     2 ||     3
       Confused          |       |    14 |    11 |    17 ||    42
  Eat: Bread ration      |       |     1 |       |       ||     1
       Fruit             |       |       |     3 |     7 ||    10
       Royal jelly       |       |       |       |     1 ||     1
